 Dungeon Crawl Stone Soup version 0.26.1-2-gb8aa6d0cf2 (webtiles) character file.

Game seed: 16732765453421815051

66 Gadfly the Skirmisher (level 4, 0/48 HPs)
             Began as an Ogre Monk on Feb 11, 2021.
             Killed from afar by Sigmund (6 damage)
             ... with a puff of flame
             ... on level 2 of the Dungeon.
             The game lasted 00:03:20 (3029 turns).

Gadfly the Skirmisher (Ogre Monk)                   Turns: 3029, Time: 00:03:21

Health: 0/48       AC:  3    Str: 16    XL:     4   Next: 15%
Magic:  0/4        EV: 10    Int: 11    God:
Gold:   112        SH:  0    Dex: 11    Spells: 3/3 levels left

rFire    . . .     SeeInvis .   b - +2 short sword (antimagic)
rCold    . . .     Faith    .   (no shield)
rNeg     . . .     Spirit   +   m - +0 robe
rPois    .         Reflect  .   (helmet restricted)
rElec    .         Harm     .   (no cloak)
rCorr    .         Rampage  .   (gloves unavailable)
Will     .....                  (boots unavailable)
Stlth    +.........             l - amulet of guardian spirit
HPRegen  0.16/turn              e - ring of magical power
MPRegen  0.09/turn              (no ring)

@: confused
A: large, unfitting armour, tough skin 1
a: no special abilities


You were on level 2 of the Dungeon.
You visited 1 branch of the dungeon, and saw 2 of its levels.

You collected 112 gold pieces.

Inventory:

Hand Weapons
 a - a +1 mace
 b - a +2 antimagic short sword (weapon)
Missiles
 h - 97 stones (quivered)
Armour
 m - a +0 robe (worn)
Jewellery
 e - a ring of magical power (left hand)
 i - an uncursed ring of fire
 l - an amulet of guardian spirit (around neck)
Scrolls
 c - 2 scrolls of teleportation
 f - 4 scrolls of identify
 g - a scroll of remove curse {unknown}
Potions
 d - a potion of flight


   Skills:
 - Level 4.0 Fighting
 + Level 3.0 Maces & Flails
 * Level 1.4 Throwing
 * Level 1.2 Armour
 - Level 2.6 Dodging
 - Level 1.4 Stealth
 * Level 1.4 Invocations
 * Level 1.1 Evocations


You had 3 spell levels left.
You didn't know any spells.
Your spell library was empty.

Dungeon Overview and Level Annotations

Branches:
Dungeon (2/15)

Altars:

Annotations:
D:2 Sigmund


Innate Abilities, Weirdness & Mutations

You are too large for most types of armour.
You have tough skin. (AC +1)


Message History

You bump into the rock wall.
Sigmund hits you but does no damage.
Sigmund gestures at himself while chanting.
Sigmund flickers and vanishes!
Deactivating autopickup; reactivate with Ctrl-A.
You bump into the rock wall.
Something hits you!
You closely miss something.
You feel less invigorated. Something hits you.
You feel less confused.
You hear some strange, mumbled words.
You are confused.
You bump into the rock wall.
Something hits you.
You're too confused to move!
You hear some strange, mumbled words.
A puff of flame appears from out of thin air!
The puff of flame hits you!
* * * LOW HITPOINT WARNING * * *
You're too confused to move!
You hear some strange, mumbled words.
A puff of flame appears from out of thin air!
The puff of flame hits you!
You die...

#.#.#
..#.##########
#.#....)...#
#.#.######.######
#.#.# #.......
..######.#.#
#..#####
>..........# #..#
#.#######{###
#..# #.......@.#
#..# #.#########
#..# ...# ##.#
#.#


There were no monsters in sight!

Vanquished Creatures
  2 adders (D:2)
  A dart slug (D:2)
  2 leopard geckos
  2 bats
  2 giant cockroaches
  2 goblins
  4 hobgoblins
  11 jackals
  5 frilled lizards
  7 kobolds
  2 rats (D:1)
40 creatures vanquished.

Notes
Turn   | Place    | Note
-------+----------+-------------------------------------------
     0 | D:1      | Gadfly the Ogre Monk began the quest for the Orb.
     0 | D:1      | Reached XP level 1. HP: 24/24 MP: 1/1
   630 | D:1      | Reached XP level 2. HP: 32/32 MP: 2/2
  1755 | D:2      | Reached skill level 1 in Invocations
  1756 | D:2      | Noticed Sigmund
  1986 | D:1      | Reached XP level 3. HP: 12/39 MP: 0/3
  1996 | D:1      | Reached skill level 1 in Throwing
  2311 | D:2      | Reached skill level 1 in Evocations
  2379 | D:2      | Reached skill level 1 in Armour
  2527 | D:2      | Reached XP level 4. HP: 42/48 MP: 3/5
  3029 | D:2      | Killed from afar by Sigmund

Illustrated notes

Levels and vault maps discovered:
D:1:      scummos_arrival_star, layout_basic, serial_co_window_serial,
          co_window_corner_a, co_window_paths_a, co_window_corner_a,
          co_window_paths_b, co_window_paths_b, co_window_paths_a,
          co_window_paths_a, co_window_2corner, co_window_paths_c,
          co_window_corner_b, co_window_paths_c, co_window_4corner_a,
          co_window_4corner_b, grunt_decor_mini_mirrors, serial_park_tiny_1
D:2:      layout_basic, uniq_sigmund

Skill      XL: |  1  2  3  4 |
---------------+-------------+-----
Invocations    | 1 |  1.4
Throwing       | 1 |  1.4
Evocations     | 1 |  1.1
Armour         | 1 |  1.2
Maces & Flails | 3 |  3.0
Fighting       | |  4.0
Dodging        | |  2.6
Stealth        | |  1.4

Action                   |  1- 3 |  4- 6 || total
-------------------------+-------+-------++-------
Melee: Mace              |   104 |    29 ||   133
       Short sword       |       |     3 ||     3
Throw: Stone             |     9 |       ||     9
  Use: Scroll            |     6 |       ||     6
       Potion            |     1 |     1 ||     2
 Stab: Sleeping          |     1 |       ||     1
Armor: Robe              |    31 |    12 ||    43
       Skin              |    10 |       ||    10
Dodge: Dodged            |    80 |    24 ||   104
